 Dungeon Crawl Stone Soup version 0.26-a0-651-gb41185065b (webtiles) character file.

Game seed: 7418375909306162117

50 Flugslaktarn the Skirmisher (level 3, -12/30 HPs)
             Began as a Merfolk Fighter on Oct 28, 2020.
             Mangled by Crazy Yiuf
             ... wielding a +3 quarterstaff of chaos
              (18 damage)
             ... on level 2 of the Dungeon.
             The game lasted 00:00:32 (883 turns).

Flugslaktarn the Skirmisher (Merfolk Fighter)        Turns: 883, Time: 00:00:32

Health: -12/30     AC: 11    Str: 16    XL:     3   Next: 79%
Magic:  3/3        EV:  5    Int:  7    God:
Gold:   70         SH:  5    Dex: 14    Spells: 2/2 levels left

rFire    . . .     SeeInvis .   a - +0 war axe
rCold    . . .     Faith    .   h - +0 buckler (curse)
rNeg     . . .     Spirit   .   i - +0 plate armour
rPois    .         Reflect  .   l - +0 helmet
rElec    .         Harm     .   (no cloak)
rCorr    .         Rampage  .   (no gloves)
MR       .....                  (no boots)
Stlth    ..........             (no amulet)
HPRegen  0.10/turn              (no ring)
MPRegen  0.08/turn              (no ring)

@: hasted, lightly drained, very quick
A: change form in water, swift swim, stealthy swim
a: no special abilities


You were on level 2 of the Dungeon.
You visited 1 branch of the dungeon, and saw 2 of its levels.

You collected 70 gold pieces.

Inventory:

Hand Weapons
 a - a +0 war axe (weapon)
Armour
 b - a +0 scale mail
 c - a +0 kite shield
 h - a cursed +0 buckler (worn)
   (You found it on level 1 of the Dungeon)
 i - a +0 plate armour (worn)
   (You found it on level 1 of the Dungeon)
 l - a +0 helmet (worn)
   (You found it on level 1 of the Dungeon)
Scrolls
 e - a scroll of identify {unknown}
 g - a scroll of blinking {unknown}
 j - 3 scrolls of teleportation {unknown}
 k - a scroll of enchant armour {unknown}
 n - a scroll of magic mapping {unknown}
Potions
 d - a potion of might
 f - a potion of heal wounds {unknown}
 m - a potion of lignification {unknown}


   Skills:
 + Level 3.7(3.4) Fighting
 * Level 2.3(2.1) Axes
 - Level 2.1(1.9) Armour
 + Level 1.7(1.5) Dodging
 + Level 3.3(3.1) Shields


You had 2 spell levels left.
You didn't know any spells.
Your spell library was empty.

Dungeon Overview and Level Annotations

Branches:
Dungeon (2/15)

Altars:

Annotations:
D:1 1 runed translucent door
D:2 Crazy Yiuf


Message History

Crazy Yiuf is heavily wounded.
Crazy Yiuf hits you with a +3 quarterstaff of chaos.
Crazy Yiuf burns you.
You barely miss Crazy Yiuf.
Crazy Yiuf is heavily wounded.
Crazy Yiuf hits you but does no damage.
You feel yourself speed up.
You slash Crazy Yiuf!
Crazy Yiuf is almost dead.
Crazy Yiuf hits you with a +3 quarterstaff of chaos!
Crazy Yiuf burns you.
You closely miss Crazy Yiuf.
Crazy Yiuf is almost dead.
You block Crazy Yiuf's attack.
You hit Crazy Yiuf but do no damage.
Crazy Yiuf is almost dead.
Crazy Yiuf hits you with a +3 quarterstaff of chaos.
* * * LOW HITPOINT WARNING * * *
You are electrocuted!!
Ouch! That really hurt!
You die...

#.# #.# #.# #.#
#####.## #.......
### ♣♣###)######
#)).#♣♣ ♣♣.#...#
#..)g@♣♣♣♣......#
#)).#♣))♣).....##
### ♣♣♣.♣..#.##
♣♣♣♣♣###


You could see Crazy Yiuf.

Vanquished Creatures
  Jessica (D:2)
  An adder (D:2)
  A dart slug (D:1)
  A giant cockroach (D:1)
  A kobold (D:1)
  A quokka (D:2)
  A ball python (D:1)
  A bat (D:2)
  A frilled lizard (D:1)
  3 goblins
  3 rats
15 creatures vanquished.

Notes
Turn   | Place    | Note
-------+----------+-------------------------------------------
     0 | D:1      | Flugslaktarn the Merfolk Fighter began the quest for the
                  | Orb.
     0 | D:1      | Reached XP level 1. HP: 18/18 MP: 1/1
     0 | D:1      | Noticed a jelly
     1 | D:1      | Found a runed translucent door.
   354 | D:1      | Reached XP level 2. HP: 19/24 MP: 2/2
   739 | D:2      | Noticed Jessica
   749 | D:2      | Killed Jessica
   749 | D:2      | Reached skill level 1 in Dodging
   749 | D:2      | Reached XP level 3. HP: 27/29 MP: 3/3
   872 | D:2      | Found a runed translucent door.
   873 | D:2      | Noticed Crazy Yiuf
   883 | D:2      | Mangled by Crazy Yiuf

Illustrated notes

Levels and vault maps discovered:
D:1:      dpeg_arrival_caged_fury, layout_basic, fountainhead
D:2:      layout_basic, eino_tiny_chamber, uniq_crazy_yiuf_cottage, uniq_jessica

Skill      XL: |  1  2 |
---------------+-------+-----
Axes           | 2 |  2.3
Dodging        | 1 |  1.7
Fighting       | |  3.7
Armour         | |  2.1
Shields        | |  3.3

Action                   || total
-------------------------++-------
Melee: War axe           ||    66
Armor: Scale mail        ||     6
       Plate armour      ||    44
Dodge: Dodged            ||    17
Block: Kite shield       ||     9
       Buckler           ||    14

Table legend: (Time is in decaauts)
 A = Elapsed time spent in this place.
 B = Non-inter-level travel time spent in this place.
 C = Inter-level travel time spent in this place.
 D = Time resting spent in this place.
 E = Time spent auto-exploring this place.
 F = Levels seen in this place.
 G = Mean time per level.
                   A        B        C        D        E       F      G
               +--------+--------+--------+--------+--------+-----+--------+
         Total |    908 |    815 |     93 |      0 |    639 |   2 |  454.0 |
       Dungeon |    908 |    815 |     93 |      0 |    639 |   2 |  454.0 |
               +--------+--------+--------+--------+--------+-----+--------+

Top non-repeatable levels by time:
     D:1: 745 daAuts
     D:2: 162 daAuts
